 Dungeon Crawl Stone Soup version 0.23.2-40-g277498a001 (webtiles) character file.

Game seed: 13410569066055441695

251 Exodus22XD the Magician (level 5, -1/28 HPs)
             Began as a Deep Elf Wizard on Sept 20, 2019.
             Was a Follower of Kikubaaqudgha.
             Slain by an orc
             ... wielding a +0 hand axe
              (8 damage)
             ... on level 4 of the Dungeon.
             The game lasted 00:08:47 (2684 turns).

Exodus22XD the Magician (Deep Elf Wizard)           Turns: 2684, Time: 00:08:48

Health: -1/28      AC:  2    Str:  4    XL:     5   Next: 88%
Magic:  0/13       EV: 13    Int: 29    God:    Kikubaaqudgha [*.....]
Gold:   145        SH:  0    Dex: 13    Spells: 1/12 levels left

rFire    . . .     SeeInvis .   s - +3 spear
rCold    . . .     Gourm    .   (no shield)
rNeg     . . .     Faith    .   a - +0 robe
rPois    .         Spirit   .   b - +0 hat
rElec    .         Reflect  .   i - scarf {repulsion}
rCorr    .         Harm     .   (no gloves)
MR       .....                  (no boots)
Stlth    ++........             g - amulet of regeneration
HPRegen  0.49/turn              (no ring)
MPRegen  0.13/turn              (no ring)

@: brilliant, slowed, repel missiles, very slow
A: no striking features
a: Receive Corpses, Renounce Religion


You were on level 4 of the Dungeon.
You worshipped Kikubaaqudgha.
Kikubaaqudgha was aware of your devotion.
You were hungry.

You visited 1 branch of the dungeon, and saw 4 of its levels.

You collected 145 gold pieces.

Inventory:

Hand Weapons
 s - a +3 spear (weapon)
Armour
 a - a +0 robe (worn)
 b - a +0 hat (worn)
 i - a scarf of repulsion (worn)
Jewellery
 g - an amulet of regeneration (around neck)
 m - a cursed amulet of inaccuracy {unknown}
Scrolls
 c - 2 scrolls of identify {unknown}
 e - a scroll of immolation {unknown}
 k - 2 scrolls of remove curse {unknown}
 n - a scroll of amnesia {unknown}
 q - a scroll of teleportation {unknown}
 r - a scroll of random uselessness {unknown}
Potions
 f - a potion of might
 h - a potion of heal wounds {unknown}
 j - a potion of cancellation {unknown}
 l - a potion of magic {unknown}
 o - a potion of flight {unknown}
 p - a potion of brilliance
 t - a potion of curing {unknown}
Comestibles
 d - 10 rations
 u - 2 chunks of flesh


   Skills:
   Level 0.3 Short Blades
 - Level 2.4 Dodging
 - Level 2.4 Stealth
 - Level 4.4 Spellcasting
 - Level 4.2 Conjurations
 * Level 4.4 Summonings
 - Level 1.1 Translocations
 - Level 1.6 Poison Magic


You had one spell level left.
You knew the following spells:

 Your Spells              Type           Power        Failure   Level  Hunger
a - Magic Dart            Conj           ####         1%          1    None
b - Call Imp              Summ           #####...     1%          2    None
c - Blink                 Tloc           N/A          1%          2    None
d - Conjure Flame         Conj/Fire      #####...     1%          3    ##.....
e - Mephitic Cloud        Conj/Pois/Air  #####...     1%          3    ##.....

Your spell library contained the following spells:

 Spells                   Type           Power        Failure   Level  Hunger
 Pain                     Necr           ###.         1%          1    None
 Corpse Rot               Necr           N/A          1%          2    None
 Searing Ray              Conj           #####.       1%          2    None
 Slow                     Hex            ###.....     1%          2    None
 Sublimation of Blood     Necr           ###.......   1%          2    None
 Dazzling Spray           Conj/Hex       #####.       1%          3    ##.....
 Iskenderun's Mystic Bla  Conj           #####...     1%          4    ####...
 Vampiric Draining        Necr           ###.......   2%          3    ##.....
 Force Lance              Conj/Tloc      #####...     2%          4    ####...
 Fulminant Prism          Conj/Hex       #####.....   3%          4    ####...


Dungeon Overview and Level Annotations

Branches:
Dungeon (4/15)
 Temple: D:4-7

Altars:
Cheibriados
Elyvilon
Kikubaaqudgha


Message History

* * * LOW HITPOINT WARNING * * *
Your crimson imp hits the orc wizard.
Casting: Call Imp (safe; 2% risk of failure)
Confirm with . or Enter, or press ? or * to list all spells.
Aiming: Magic Dart (safe; 1% risk of failure)
Press: ? - help, Shift-Dir - straight line, f/p - orc wizard
Aim: an orc wizard, wielding a +0 dagger and wearing a +0 robe (lightly wounded, fast)
The magic dart hits the orc wizard.
The orc wizard is moderately wounded.
The orc wizard hits you with a +0 dagger.
* * * LOW HITPOINT WARNING * * *
Your crimson imp misses the orc wizard.
The orc wizard gestures wildly while chanting.
The orc wizard blinks!
The orc closely misses you.
It was a potion of brilliance.
You feel clever all of a sudden.
The orc wizard completely misses your crimson imp.
The orc hits you with a +0 hand axe!
You die...
Kikubaaqudgha rasps: "You have failed me!
Welcome... death!"

#### #....
#.....##################
'.....)[.....o@ยง.5o....#
#.....################.#
#.... #............#.#
#... #.##########.#.# ...
#.........<#.#.# ..
#############.#.# .
#..........##.#.#
#.########.##.#.# #.#
#....#.##.#.#


You could see an orc wizard, an orc and a friendly crimson imp.

Vanquished Creatures
  Terence (D:2)
  2 iguanas (D:4)
  An orc wizard (D:4)
  6 adders
  2 worms (D:3)
  4 dart slugs
  3 leopard geckos
  9 orcs
  A ball python (D:3)
  10 bats
  2 giant cockroaches
  6 goblins
  8 hobgoblins
  4 jackals
  A quokka (D:2)
  3 frilled lizards
  5 kobolds
  7 rats
75 creatures vanquished.

Notes
Turn   | Place    | Note
-------+----------+-------------------------------------------
     0 | D:1      | Exodus22XD the Deep Elf Wizard began the quest for the Orb.
     0 | D:1      | Reached XP level 1. HP: 10/10 MP: 7/7
   218 | D:1      | Reached XP level 2. HP: 15/15 MP: 3/9
   946 | D:2      | Found a white marble altar of Elyvilon.
   956 | D:2      | Found a snail-covered altar of Cheibriados.
   958 | D:2      | Found an ancient bone altar of Kikubaaqudgha.
  1066 | D:2      | Reached XP level 3. HP: 19/19 MP: 4/10
  1298 | D:2      | Became a worshipper of Kikubaaqudgha
  1400 | D:2      | Reached XP level 4. HP: 24/24 MP: 8/12
  1409 | D:2      | Noticed Terence
  1414 | D:2      | Learned a level 2 spell: Call Imp
  1417 | D:2      | Learned a level 2 spell: Blink
  1421 | D:2      | Learned a level 3 spell: Conjure Flame
  1425 | D:2      | Learned a level 3 spell: Mephitic Cloud
  1438 | D:2      | Killed Terence
  1438 | D:2      | Reached skill level 1 in Poison Magic
  1832 | D:3      | Reached XP level 5. HP: 28/28 MP: 7/13
  1853 | D:3      | Reached * piety under Kikubaaqudgha
  1853 | D:3      | Identified Kikubaaqudgha's Grimoire of Stolen Souls
                  | (Kikubaaqudgha gifted it to you on level 3 of the Dungeon)
  1853 | D:3      | Received a gift from Kikubaaqudgha
  2684 | D:4      | Slain by an orc

Skill      XL: |  1  2  3  4  5 |
---------------+----------------+-----
Conjurations   | 2 3 4 |  4.2
Poison Magic   | 1 |  1.6
Summonings     | 2 4 |  4.4
Short Blades   | |  0.3
Dodging        | |  2.4
Stealth        | |  2.4
Spellcasting   | |  4.4
Translocations | |  1.1

Action                   |  1- 3 |  4- 6 || total
-------------------------+-------+-------++-------
Melee: Short sword       |     1 |       ||     1
       Spear             |       |    15 ||    15
 Cast: Magic Dart        |    78 |    84 ||   162
       Conjure Flame     |       |     4 ||     4
       Mephitic Cloud    |       |     2 ||     2
       Call Imp          |       |     1 ||     1
  Use: Potion            |       |     1 ||     1
 Stab: Confused          |       |     2 ||     2
  Eat: Chunk             |     1 |     4 ||     5
Armor: Robe              |     2 |     1 ||     3
Dodge: Dodged            |     5 |     7 ||    12
       Deflected         |       |     1 ||     1
